 Dungeon Crawl Stone Soup version 0.31.0-11-ge490571c62 (webtiles) character file.

Game seed: 115371530498881246

407 protoss039 the Digger (level 6, -5/48 HPs)
             Began as a Demonspawn Earth Elementalist on Jan 30, 2024.
             Slain by Pikel
             ... wielding a +1 whip of electrocution
              (6 damage)
             ... on level 4 of the Dungeon.
             The game lasted 00:06:16 (3896 turns).

protoss039 the Digger (DsEE)                        Turns: 3896, Time: 00:06:18

Health: -5/48      AC:  2    Str:  8    XL:     6   Next: 57%
Magic:  11/12      EV: 12    Int: 17    God:
Gold:   142        SH:  5    Dex: 14    Spells: 6/13 levels left

rFire   . . .        o - +0 short sword (venom)
rCold   . . .        (no shield)
rNeg    . . .        a - +0 robe
rPois   +            (no helmet)
rElec   .            (no cloak)
rCorr   .            (no gloves)
SInv    .            (no boots)
Will    .....        p - amulet of reflection
Stlth   ++           m - ring of poison resistance
HPRegen 0.28/turn    (no ring)
MPRegen 0.13/turn

%: reflection
@: no status effects
A: claws 2, demonic guardian 1
a: no special abilities


You were on level 4 of the Dungeon.
You visited 1 branch of the dungeon, and saw 4 of its levels.

You collected 142 gold pieces.

Inventory:

Hand Weapons
 n - a +1 dagger of electrocution
 o - a +0 short sword of venom (weapon)
Armour
 a - a +0 robe (worn)
 c - a +0 helmet
Jewellery
 m - a ring of poison resistance (left claw)
 p - an amulet of reflection (around neck)
 q - an amulet of magic regeneration
Scrolls
 d - a scroll of teleportation {unknown}
 e - a scroll of silence {unknown}
 h - a scroll of identify
 i - 2 scrolls of fog
 j - 2 scrolls of amnesia {unknown}
 k - a scroll of enchant weapon {unknown}
Potions
 b - a potion of magic
 g - a potion of resistance
 l - a potion of might {unknown}


   Skills:
 + Level 3.7 Fighting
 - Level 1.7 Dodging
 - Level 1.7 Stealth
 + Level 4.0 Spellcasting
 - Level 1.0 Conjurations
 + Level 4.4 Earth Magic


You had 6 spell levels left.
You knew the following spells:

 Your Spells              Type           Power      Damage    Failure   Level
a - Sandblast             Erth           36%        2d10      2%          1
b - Passwall              Erth           18%        N/A       8%          3
c - Stone Arrow           Conj/Erth      24%        3d8       16%         3

Your spell library contained the following spells:

 Spells                   Type           Power      Damage    Failure   Level
 Shock                    Conj/Air       20%        1d4       13%         1
 Swiftness                Air            3%         N/A       43%         3
 Volatile Blastmotes      Fire/Tloc      6%         2d10      43%         3
 Brom's Barrelling Bould  Conj/Erth      12%        2d4       45%         4
 Petrify                  Alch/Erth      11%        N/A       52%         4
 Fulminant Prism          Conj/Alch      2%         3d5       77%         4
 Iskenderun's Mystic Bla  Conj/Tloc      5%         2d3       77%         4
 Airstrike                Air            1%         2d(1-17)  83%         4


Dungeon Overview and Level Annotations

Branches:
Dungeon (4/15) Zot: 20024
 Temple: D:4-7

Altars:
Ashenzari
Qazlal
Sif Muna
Uskayaw

Shops:
D:1 !=**

Annotations:
D:4 Pikel


Innate Abilities, Weirdness & Mutations

You have very sharp fingernails.
A weak demonic guardian rushes to your aid.


Message History

The floor.
You see here an amulet of magic regeneration.
Press: ? - help, v - describe, . - travel, g - get item Item here: an amulet of magic regeneration.
The floor.
q - an amulet of magic regeneration You block the lemure's attack.
The lemure hits you.
Pikel hits you with a +1 whip of electrocution.
You are electrocuted!
The lemure hits you!
* * * LOW HITPOINT WARNING * * *
A demonic guardian appears!
You swap places.
The lemure hits your shadow imp.
Your shadow imp closely misses the lemure.
Found a distressingly furry leather armour.
The lemure completely misses your shadow imp.
The lemure misses your shadow imp.
Pikel says, "Hell isn't that bad."
Your shadow imp misses Pikel.
The lemure barely misses your shadow imp.
The lemure hits your shadow imp. The lemure attacks as it pursues you!
The lemure hits you!
* * * LOW HITPOINT WARNING * * *
A demonic guardian appears!
Pikel attacks as he pursues you!
Pikel hits you with a +1 whip of electrocution.
* * * LOW HITPOINT WARNING * * *
Unknown command.
Okay, then.
Okay, then.
Okay, then.
Okay, then.
As you read the scroll labelled ETUDOX GIERU, it crumbles to dust.
You hear a loud clanging noise!
It was a scroll of noise.
The lemure hits you but does no damage.
Your shadow imp gestures at Pikel.
Pikel struggles to resist.
Pikel hits you with a +1 whip of electrocution.
You die...
Pikel says, "Another soul for the market."

#..# #..# #.
#..# #[..
#..## ##....
#...##.....#
#.........#
#........#
#<@5....##
#..K.....#
#..555...###
#....5.....##
...#
##........>.#
#..#
######.....#
#..# ##.../#
#..# #....#
#..# #....#
#..#


You could see Pikel (ally target), 3 lemures and 2 friendly shadow imps.

Vanquished Creatures
  A lemure (D:3)
  2 orc priests (D:3)
  A jelly (D:4)
  2 iguanas (D:4)
  An orc wizard (D:3)
  A sleepcap (D:4)
  Natasha (twice) (D:3)
  Robin (D:3)
  6 adders
  A dart slug (D:1)
  A ribbon worm (D:3)
  16 orcs
  4 ball pythons
  4 bats
  3 endoplasms
  2 giant cockroaches (D:3)
  6 goblins
  4 hobgoblins
  4 kobolds
  2 quokkas
  4 frilled lizards
  4 rats
72 creatures vanquished.

Vanquished Creatures (collateral kills)
  3 orcs (D:4)
  5 goblins
  3 hobgoblins
11 creatures vanquished.

Grand Total: 83 creatures vanquished

Notes
Turn   | Place    | Note
-------+----------+-------------------------------------------
     0 | D:1      | protoss039 the Demonspawn Earth Elementalist began the
                  | quest for the Orb.
     0 | D:1      | Reached XP level 1. HP: 13/13 MP: 3/3
    17 | D:1      | Found a faded altar of an unknown god.
    95 | D:1      | Found Kuhawn's Jewellery Shop.
   161 | D:1      | Gained mutation: You have sharp fingernails. [demonic
                  | ancestry]
   161 | D:1      | Reached XP level 2. HP: 20/20 MP: 3/5
   329 | D:1      | Found Agiuny's Distillery.
   360 | D:1      | Found Tuuntusm's General Store.
   478 | D:1      | Found Ozeit's Assorted Antiques.
   655 | D:1      | Found a stormy altar of Qazlal.
   727 | D:2      | Reached skill level 1 in Fighting
  1010 | D:2      | Reached XP level 3. HP: 26/26 MP: 4/6
  1535 | D:2      | Learned a level 3 spell: Passwall
  1539 | D:2      | Learned a level 3 spell: Stone Arrow
  1718 | D:3      | Gained mutation: A weak demonic guardian rushes to your
                  | aid. [demonic ancestry]
  1718 | D:3      | Reached XP level 4. HP: 31/33 MP: 4/8
  1875 | D:3      | Found a hide-covered altar of Uskayaw.
  2000 | D:3      | Found a shimmering blue altar of Sif Muna.
  2010 | D:3      | Reached XP level 5. HP: 36/39 MP: 4/9
  2110 | D:3      | Noticed Robin
  2128 | D:3      | Killed Robin
  2436 | D:3      | Found a broken altar of Ashenzari.
  2497 | D:3      | Noticed Natasha
  2505 | D:3      | Killed Natasha
  2826 | D:3      | Noticed Natasha
  2874 | D:3      | Killed Natasha
  2875 | D:3      | Gained mutation: You have very sharp fingernails. [demonic
                  | ancestry]
  2875 | D:3      | Reached XP level 6. HP: 35/47 MP: 6/11
  2924 | D:4      | Noticed Pikel
  3895 | D:4      | HP: 1/48 [Pikel/+1 whip of electrocution (3)]
  3896 | D:4      | Slain by Pikel

Illustrated notes

Levels and vault maps discovered:
D:1:      dpeg_arrival_water_altar, layout_rooms, serial_shops, shop, shop,
          nicolae_shop_tiny_real_fake_doors, nicolae_shop_peninsula,
          hellmonk_ecumenical_altar_slurped_away, grunt_decor_clamped
D:2:      layout_basic, chequers_serial_rivers_micro_b, minmay_misc_feat_plants
D:3:      layout_basic, lemuel_crystal_altar,
          mainiacjoe_overflow_catwalk_spiral, guppyfry_early_lair_pool,
          uniq_natasha, uniq_robin
D:4:      layout_layer_cave, uniq_pikel

Skill      XL: |  1  2  3  4  5  6 |
---------------+-------------------+-----
Fighting       | 1 2 3 |  3.7
Earth Magic    | 3 4 |  4.4
Spellcasting   | 3 4 |  4.0
Dodging        | |  1.7
Stealth        | |  1.7
Conjurations   | |  1.0

Action                     |  1- 3 |  4- 6 || total
---------------------------+-------+-------++-------
  Melee: Whip              |     4 |       ||     4
         Unarmed           |     8 |    10 ||    18
         Short sword       |       |    15 ||    15
         Punch             |       |     1 ||     1
   Cast: Sandblast         |    40 |    87 ||   127
    Use: Scroll            |       |     4 ||     4
         Potion            |       |     2 ||     2
   Stab: Sleeping          |     3 |       ||     3
 Armour: Robe              |    19 |    74 ||    93
  Dodge: Dodged            |    13 |    55 ||    68
  Block: Other             |       |     9 ||     9
